 Dungeon Crawl Stone Soup version 0.29.1-14-g9c671dbff4 (webtiles) character file.

Game seed: 6788624892358188803

188 raph the Stinger (level 5, -4/35 HPs)
             Began as a Merfolk Venom Mage on Feb 13, 2023.
             Killed by divine providence
             ... invoked by an orc priest
              (15 damage)
             ... on level 3 of the Dungeon.
             The game lasted 00:09:22 (4289 turns).

raph the Stinger (Merfolk Venom Mage)               Turns: 4289, Time: 00:09:23

Health: -4/35      AC:  5    Str:  8    XL:     5   Next: 67%
Magic:  2/8        EV: 12    Int: 16    God:
Gold:   223        SH:  5    Dex: 15    Spells: 1/9 levels left

rFire   + . .      SeeInvis .   w - staff of poison
rCold   . . .      Faith    .   (no shield)
rNeg    . . .      Spirit   .   f - +0 robe
rPois   +          Reflect  +   r - +0 helmet
rElec   .          Harm     .   e - +0 cloak
rCorr   .          Rampage  .   (no gloves)
Will    .....                   m - +0 pair of boots
Stlth   ++........              h - amulet of reflection
HPRegen 0.11/turn               j - ring of protection from fire
MPRegen 0.11/turn               (no ring)

@: no status effects
A: (nimble swimmer 2), mertail
a: no special abilities


You were on level 3 of the Dungeon.
You visited 1 branch of the dungeon, and saw 3 of its levels.

You collected 223 gold pieces.

Inventory:

Hand Weapons
 a - a +0 dagger of speed
 p - a +0 short sword
 q - a +2 dagger of venom
Armour
 e - a +0 cloak (worn)
 f - a +0 robe (worn)
 m - a +0 pair of boots (worn)
 r - a +0 helmet (worn)
Magical Staves
 b - a staff of conjuration
 w - a staff of poison (weapon)
Jewellery
 h - an amulet of reflection (around neck)
 j - a ring of protection from fire (left hand)
Wands
 k - a wand of mindburst (10)
 n - a wand of digging (5)
Scrolls
 l - a scroll of teleportation {unknown}
Potions
 c - a potion of might
 g - a potion of flight {unknown}
 i - 2 potions of magic
 o - 2 potions of degeneration {unknown}


   Skills:
 - Level 2.6 Dodging
 - Level 2.1 Stealth
 - Level 2.6 Spellcasting
 - Level 1.3 Transmutations
 + Level 6.4 Poison Magic


You had one spell level left.
You knew the following spells:

 Your Spells              Type           Power      Damage    Failure   Level
a - Sting                 Tmut/Pois      84%        1d7       4%          1
b - Poisonous Vapours     Pois/Air       36%        N/A       8%          2
c - Magic Dart            Conj           8%         1d3       21%         1
d - Olgreb's Toxic Radia  Pois           34%        N/A       14%         4

Your spell library contained the following spells:

 Spells                   Type           Power      Damage    Failure   Level
 Mephitic Cloud           Conj/Pois/Air  13%        N/A       24%         3
 Call Imp                 Summ           2%         N/A       30%         2
 Call Canine Familiar     Summ           2%         N/A       52%         3
 Portal Projectile        Hex/Tloc       4%         N/A       52%         3
 Leda's Liquefaction      Hex/Erth       1%         N/A       89%         4


Dungeon Overview and Level Annotations

Branches:
Dungeon (3/15)

Altars:

Shops:
D:2 =   D:3 (


Innate Abilities, Weirdness & Mutations

((You are very nimble when in or above water. (Stealth+, EV+, Speed+++)))
Your lower body shifts to a powerful aquatic tail in water.


Message History

HP restored.
Magic restored.
A dart slug comes into view.
The dart slug launches a dart at you. The slug dart hits you.
w - a staff of poison (weapon)
Casting: Sting (safe; 4% risk of failure)
Confirm with . or Enter, or press ? or * to list all spells.
You feel a surge of power!
You begin to radiate toxic energy.
The dart slug is poisoned.
Your toxic aura wanes.
You kill the dart slug!
An orc priest comes into view. It is wielding a +0 flail.
Found a +0 trident.
Casting: Olgreb's Toxic Radiance (quite dangerous; 14% risk of failure)
Confirm with . or Enter, or press ? or * to list all spells.
You feel a surge of power!
You miscast Olgreb's Toxic Radiance.
You are very lightly contaminated with residual magic.
You feel rather nauseous for a moment. You resist.
The orc priest shouts!
You hear an angry hiss.
The orc priest calls down the wrath of Beogh upon you.
Beogh smites you!
A bat comes into view.
A ball python comes into view.
An endoplasm comes into view.
The endoplasm moves out of view.
The orc priest invokes the aid of Beogh against you.
Pain shoots through your body!
* * * LOW HITPOINT WARNING * * *
Your magical contamination has completely faded away.
You start resting.
An orc priest is nearby!
Aiming: Sting (safe; 4% risk of failure)
Press: ? - help, Q - select action, (/) - cycle Shift-Dir - straight line, f - orc priest
Aim: an orc priest, wielding a +0 flail and wearing a +0 leather armour (76% to hit)
You feel a surge of power!
The sting hits the orc priest.
The orc priest is poisoned.
The orc priest is moderately wounded.
The orc priest invokes the aid of Beogh against you.
Beogh smites you!
You die...

.... #.###...####
#. ..b #.# #o#...#
#. .) #. ##.#.##
#. . # ##..# #.
##o# #. #.# #. #.#
#. ##.<##
###o####... #.
#.... #@.........
#. #...#
#.#####..#. ##
.... ########.#
#..# #..#
.........# #..#
#..####.########.#
#..# #.....Kb#
#†#####..# #.#
#......).# ###
#.###########
####.###.# #..
#.....(.....####
#.# #.# #.#


You could see an orc priest (poisoned).

Vanquished Creatures
  2 orc wizards (D:3)
  Robin (D:3)
  6 adders
  2 worms (D:2)
  5 dart slugs
  2 orcs
  4 bats
  4 endoplasms
  9 goblins
  6 hobgoblins
  3 kobolds (D:1)
  3 quokkas
  3 ball pythons
  6 frilled lizards
  6 rats
62 creatures vanquished.

Notes
Turn   | Place    | Note
-------+----------+-------------------------------------------
     0 | D:1      | raph the Merfolk Venom Mage began the quest for the Orb.
     0 | D:1      | Reached XP level 1. HP: 13/13 MP: 3/3
   316 | D:1      | Reached XP level 2. HP: 19/19 MP: 1/5
   391 | D:1      | Found a faded altar of an unknown god.
   416 | D:1      | Reached skill level 4 in Poison Magic
   709 | D:1      | Learned a level 2 spell: Poisonous Vapours
   958 | D:1      | Learned a level 1 spell: Magic Dart
   988 | D:1      | Reached XP level 3. HP: 20/24 MP: 4/6
  1467 | D:2      | Found Yrph's Jewellery Emporium.
  1628 | D:2      | Reached skill level 5 in Poison Magic
  2408 | D:2      | Reached XP level 4. HP: 30/30 MP: 0/7
  2921 | D:3      | Found Ama Ita's Weapon Shoppe.
  3039 | D:2      | Learned a level 4 spell: Olgreb's Toxic Radiance
  3283 | D:3      | Reached XP level 5. HP: 15/35 MP: 4/8
  3645 | D:3      | Noticed Robin
  3654 | D:3      | Killed Robin
  3655 | D:3      | Reached skill level 6 in Poison Magic
  4289 | D:3      | Killed from afar by an orc priest

Illustrated notes

Levels and vault maps discovered:
D:1:      elethiomel_arrival_maze, layout_loops_ring,
          chequers_ecumenical_altar_island, minmay_misc_feat_encased
D:2:      layout_basic, serial_shops, nicolae_shop_hallway_stairs,
          grunt_ministairs_7
D:3:      layout_loops_ring, serial_shops, shop, uniq_robin

Skill      XL: |  1  2  3  4  5 |
---------------+----------------+-----
Poison Magic   | 4 5 6 |  6.4
Dodging        | |  2.6
Stealth        | |  2.1
Spellcasting   | |  2.6
Transmutations | |  1.3

Action                   |  1- 3 |  4- 6 || total
-------------------------+-------+-------++-------
Melee: Unarmed           |     8 |       ||     8
       Short sword       |    21 |    10 ||    31
       Dagger            |       |    39 ||    39
       Staff             |       |     1 ||     1
 Cast: Sting             |    61 |    35 ||    96
       Poisonous Vapours |     5 |     6 ||    11
       Magic Dart        |       |     7 ||     7
       Olgreb's Toxic Ra |       |     3 ||     3
  Use: Potion            |       |     2 ||     2
Armor: Robe              |    10 |    12 ||    22
       Skin              |       |     3 ||     3
Dodge: Dodged            |    52 |    24 ||    76
Block: Other             |     3 |    12 ||    15
